AoeStats
← Daarth Vader

Arabia

510393800Analyzed
1v1 RM · 22h ago on Sep 30, 2026· 33m 30s· 2 players
Game mode
Random Map
Map size
Tiny (2 player)
Population
200
Speed
Normal
Resources
Standard
Victory
Conquest
Starting age
Dark Age
Ending age
Imperial Age
RankedLock teamsTeams togetherTeam positionsShared explorationLock speedFull tech treeHidden civsTurbo modeCheats
Victory
Defeat
🇺🇸 Varangians · United States
1226
+16
🇪🇸 Bulgarians · Spain
1231
-16
Daarth Vader
5:50 Loom
8:31 Feudal Age
14:18 Fletching
19:19 Double-Bit Axe
24:28 Castle Age
22:37 Horse Collar
22:53 Gold Mining
24:28 Bloodlines
25:27 Scale Barding Armor
26:51 Husbandry
27:49 Chain Barding Armor
28:53 Forging
30:42 Iron Casting
32:57 Town Watch
33:47 Wheelbarrow
CQ.NOTARIUS
7:13 Loom
9:42 Feudal Age
22:24 Horse Collar
27:55 Castle Age
26:58 Bloodlines
28:36 Wheelbarrow
28:41 Scale Barding Armor
30:22 Forging
Connection lost

Rejoining the realm…

Still unreachable

The connection could not be restored.

Session expired

The server has moved on; the page needs a fresh start.